 Dungeon Crawl Stone Soup version 0.23.2-33-g5129a83184 (webtiles) character file.

Game seed: 11089846937765603667

4609 Felnil the Protected (level 10, -1/70 HPs)
             Began as a Mummy Fighter on Aug 9, 2019.
             Was a Plaything of Xom.
             Slain by Maurice
             ... wielding a +3 short sword of venom
              (2 damage)
             ... on level 1 of the Orcish Mines.
             The game lasted 00:36:15 (9915 turns).

Felnil the Protected (Mummy Fighter)                Turns: 9915, Time: 00:36:43

Health: -1/70      AC: 19    Str: 28    XL:     10   Next: 19%
Magic:  10/10      EV:  5    Int:  9    God:    Xom [.*....]
Gold:   545        SH:  9    Dex: 13    Spells: 9/9 levels left

rFire    . . .     SeeInvis .   s - +8 rapier of Distant Worlds {flame, Str+3}
rCold    + + .     Gourm    .   c - +0 shield
rNeg     + + +     Faith    .   l - +2 plate armour
rPois    ∞         Spirit   .   u - +0 helmet of Death's Door {rPois Str+3 Stlth+}
rElec    .         Reflect  .   (no cloak)
rCorr    .         Harm     .   (no gloves)
MR       +....                  (no boots)
Stlth    ..........             (no amulet)
HPRegen  0.21/turn              h - ring of protection from cold
MPRegen  0.12/turn              o - ring of Lugonu's Envy {rPois rF+ Int+2}

@: about to teleport, very slightly contaminated, slowed, very slow
A: no food or potions, fire vulnerability, cold resistance 1, negative energy
resistance 3, torment resistance, unbreathing
a: Renounce Religion


You were on level 1 of the Orcish Mines.
You worshipped Xom.
You were a plaything of Xom.
You were not hungry.

You visited 3 branches of the dungeon, and saw 11 of its levels.

You collected 545 gold pieces.

Inventory:

Hand Weapons
 a - a +0 rapier
 d - a +6 scythe of slicing
 f - the cursed +3 spear "Biath" {pain, rC+ Str+3 Dex+2}
   (You found it on level 7 of the Dungeon)

   In the hands of one skilled in necromantic magic, it inflicts extra damage on
   living creatures.
   It affects your strength (+3).
   It affects your dexterity (+2).
   It protects you from cold.
   It has a curse placed upon it.
 n - a +5 war axe of venom
 s - the +8 rapier of Distant Worlds (weapon) {flame, Str+3}
   (You took it off an orc on level 6 of the Dungeon)

   It has been specially enchanted to burn those struck by it, causing extra
   injury to most foes and up to half again as much damage against particularly
   susceptible opponents.
   It affects your strength (+3).
 v - a +4 short sword of freezing
Armour
 c - a +0 shield (worn)
 l - a +2 plate armour (worn)
 t - a +1 hat
 u - the +0 helmet of Death's Door (worn) {rPois Str+3 Stlth+}
   (You found it on level 8 of the Dungeon)

   It affects your strength (+3).
   It protects you from poison.
   It makes you more stealthy.
Jewellery
 h - a ring of protection from cold (left hand)
 o - the ring of Lugonu's Envy (right hand) {rPois rF+ Int+2}
   (You acquired it on level 8 of the Dungeon)

   [ring of intelligence]

   It affects your intelligence (+2).
   It protects you from fire.
   It protects you from poison.
 q - an uncursed ring of magical power
 r - an uncursed ring of resist corrosion
Wands
 e - a wand of iceblast (19)
 w - a wand of acid (7)
 x - a wand of paralysis (9)
Scrolls
 b - 3 scrolls of identify
 g - 4 scrolls of teleportation
 i - a scroll of fear
 j - 2 scrolls of fog
 k - 3 scrolls of remove curse
 p - 2 scrolls of magic mapping


   Skills:
 - Level 3.0 Fighting
 - Level 1.5 Short Blades
 + Level 12.5 Armour
 - Level 2.4 Shields


You had 9 spell levels left.
You didn't know any spells.
Your spell library contained the following spells:

 Spells                   Type           Power        Failure   Level  Hunger
 Magic Dart               Conj           #...         100%        1    N/A
 Blink                    Tloc           N/A          100%        2    N/A
 Call Imp                 Summ           #.......     100%        2    N/A
 Slow                     Hex            #.......     100%        2    N/A
 Conjure Flame            Conj/Fire      #.......     100%        3    N/A
 Mephitic Cloud           Conj/Pois/Air  #.......     100%        3    N/A

Dungeon Overview and Level Annotations

Branches:
Dungeon (9/15)             Temple (1/1) D:6             Orc (1/2) D:9
   Lair: D:8-11

Altars:
Ashenzari
Cheibriados
Dithmenos
Elyvilon
Fedhas
Gozag
Hepliaklqana
Kikubaaqudgha
Makhleb
Nemelex Xobeh
Okawaru
Qazlal
Ru
Sif Muna
Trog
Uskayaw
Vehumet
Wu Jian
Xom
Yredelemnul
Zin
The Shining One

Annotations:
Orc:1 Josephine, Maurice


Innate Abilities, Weirdness & Mutations

You do not eat or drink.
Your flesh is vulnerable to fire.
You are immune to poison.
Your flesh is cold resistant. (rC+)
You are immune to negative energy. (rN+++)
You are immune to unholy pain and torment.
You can survive without breathing.


Message History

Aim: Josephine, wielding a +0 dagger and wearing a +1 robe of resistance (moderately wounded)
The mass of ice explodes!
The iceblast engulfs something!
The iceblast engulfs you but does no damage.
The iceblast engulfs the wraith!
The wraith partially resists.
The wraith is almost destroyed.
The neqoxec gestures.
The wraith hits you!
* * * LOW HITPOINT WARNING * * *
The wraith drains your vigour!
You feel as though you will be slow longer.
Josephine points at you and mumbles some strange words.
You convulse!
* * * LOW HITPOINT WARNING * * *
As you read the scroll of teleportation, it crumbles to dust.
You feel strangely unstable. Something hits you.
* * * LOW HITPOINT WARNING * * *
Something steals 2 of your 3 scrolls of fear!
The wraith barely misses you. Something hits you.
You die...
Xom laughs nastily!

#### .#. ##..##
####.######....#
##.....#.#.....####
#........#........##
###........#...#..{..##
#......W.....$###o....#
#......W......###......
#...@3@.4...<#......#
#....#W53...###..#.##
#.#..............### #.
##...#.#.5....## ..
##.######...## .. #.#
##.## # ## #.# ###


You could see Josephine, a sun demon, an orange demon, a neqoxec, 3 wraiths, a
crimson imp and a white imp.

Vanquished Creatures
  2 hippogriffs
  Sigmund (D:3)
  A wraith (D:8)
  A human (D:9)
  3 yaks (D:9)
  5 sky beasts
  An orc warrior (D:9)
  2 ice beasts
  An eye of draining (D:8)
  4 centaurs
  2 ogres
  2 big kobolds
  4 bullfrogs
  4 scorpions
  5 wights (D:8)
  A howler monkey (D:8)
  4 crimson imps
  A bullfrog zombie (D:9)
  8 hounds
  3 jellies (D:5)
  An orc priest (D:5)
  2 centaur skeletons (D:6)
  Terence (D:2)
  2 iguanas
  4 orc wizards
  6 worker ants
  2 hound zombies
  A hound skeleton (D:8)
  2 worker ant zombies
  4 adders
  11 gnolls
  3 howler monkey skeletons
  An ooze (D:1)
  5 worms
  2 dart slugs
  5 leopard geckos
  28 orcs
  4 ball pythons
  6 bats
  3 giant cockroaches
  6 hobgoblins
  11 jackals
  4 quokkas
  4 frilled lizards
  4 goblins
  15 kobolds
  3 leopard gecko skeletons
  8 rats
203 creatures vanquished.

Vanquished Creatures (others)
  An orc priest (D:9)
  4 orc wizards (D:9)
  3 orcs (D:9)
8 creatures vanquished.

Grand Total: 211 creatures vanquished

Notes
Turn   | Place    | Note
-------+----------+-------------------------------------------
     0 | D:1      | Felnil the Mummy Fighter began the quest for the Orb.
     0 | D:1      | Reached XP level 1. HP: 18/18 MP: 1/1
   237 | D:1      | Reached XP level 2. HP: 16/24 MP: 2/2
   422 | D:1      | Reached skill level 3 in Armour
   430 | D:1      | You fall through a shaft!
  1218 | D:2      | Reached XP level 3. HP: 28/29 MP: 3/3
  1440 | D:2      | Noticed Terence
  1453 | D:2      | Killed Terence
  1453 | D:2      | Reached skill level 4 in Armour
  1453 | D:2      | Reached XP level 4. HP: 35/35 MP: 4/4
  1857 | D:3      | Noticed Sigmund
  1938 | D:3      | Reached XP level 5. HP: 41/41 MP: 5/5
  2745 | D:3      | Reached skill level 5 in Armour
  2983 | D:3      | HP: 2/41 [Sigmund/+6 scythe of slicing (4)]
  3449 | D:3      | Killed Sigmund
  3449 | D:3      | Reached skill level 6 in Armour
  3449 | D:3      | Reached XP level 6. HP: 34/47 MP: 6/6
  4251 | D:5      | Entered Level 5 of the Dungeon
  4281 | D:5      | Reached XP level 7. HP: 45/52 MP: 7/7
  4408 | D:5      | Reached skill level 7 in Armour
  5323 | D:5      | Reached skill level 8 in Armour
  5753 | D:6      | Reached XP level 8. HP: 38/58 MP: 8/8
  6238 | D:6      | Found a staircase to the Ecumenical Temple.
  6281 | Temple   | Entered the Ecumenical Temple
  6525 | Temple   | Became a worshipper of Xom of Chaos
  6682 | D:6      | XOM: silly message
  6687 | D:6      | Reached skill level 9 in Armour
  6706 | D:6      | XOM: cloud trail
  6889 | D:6      | XOM is BORED!
  6889 | D:6      | XOM: harmless Ice miscast
  6912 | D:6      | XOM: divination: detect items
  6913 | D:6      | Identified the +8 rapier of Distant Worlds {flame, Str+3}
  6977 | D:6      | XOM: harmless Air miscast
  7004 | D:6      | XOM: divination: detect items
  7153 | D:6      | XOM: divination: magic mapping
  7188 | D:6      | XOM: potion effect (agility)
  7421 | D:7      | Found a shadowy altar of Dithmenos.
  7431 | D:7      | Reached skill level 10 in Armour
  7488 | D:7      | XOM: harmless Erth miscast
  7678 | D:7      | Reached XP level 9. HP: 63/63 MP: 9/9
  7682 | D:7      | Got a bloodstained spear
  7683 | D:7      | Identified the cursed +3 spear "Biath" {pain, rC+ Str+3
                  | Dex+2} (You found it on level 7 of the Dungeon)
  7809 | D:8      | Found a sacrificial altar of Ru.
  7822 | D:8      | XOM: scenery: 2 doors open
  8394 | D:8      | Reached skill level 11 in Armour
  8437 | D:8      | XOM is BORED!
  8437 | D:8      | XOM: summons 4 hostile demons
  8438 | D:8      | Noticed an ice devil
  8440 | D:8      | XOM: cloud trail
  8630 | D:8      | Got a dazzling helmet
  8641 | D:8      | Identified the +0 helmet of Death's Door {rPois Str+3
                  | Stlth+} (You found it on level 8 of the Dungeon)
  8687 | D:8      | XOM: divination: detect items
  8882 | D:8      | XOM: silly message
  8957 | D:8      | Identified a scroll of acquirement
  8959 | D:8      | Got a smoking copper ring
  8961 | D:8      | Identified the ring of Lugonu's Envy {rPois rF+ Int+2} (You
                  | acquired it on level 8 of the Dungeon)
  9001 | D:8      | XOM: harmless Air miscast
  9055 | D:8      | XOM: divination: magic mapping
  9348 | D:9      | XOM: polymorph black bear -> ice beast
  9352 | D:9      | Reached skill level 12 in Armour
  9386 | D:9      | XOM: enchant monster (good)
  9396 | D:9      | XOM: destruction
  9405 | D:9      | Reached XP level 10. HP: 67/70 MP: 10/10
  9504 | D:9      | XOM: noise
  9646 | D:9      | Found a staircase to the Orcish Mines.
  9775 | D:9      | XOM: medium Hex miscast
  9892 | Orc:1    | Entered Level 1 of the Orcish Mines
  9892 | Orc:1    | Noticed an orc sorcerer
  9893 | Orc:1    | Noticed Josephine
  9894 | Orc:1    | XOM: enchant monster (bad)
  9896 | Orc:1    | Noticed Maurice
  9907 | Orc:1    | XOM: blink monster(s)
  9913 | Orc:1    | Noticed a sun demon
  9913 | Orc:1    | Noticed an orange demon
  9914 | Orc:1    | HP: 2/70 [Josephine/dispel undead (19)]
  9915 | Orc:1    | Slain by Maurice

Skill      XL: |  1  2  3  4  5  6  7  8  9 |
---------------+----------------------------+-----
Armour         | 3 4 6 8 10 12 | 12.5
Fighting       | |  3.0
Short Blades   | |  1.5
Shields        | |  2.4

Action                   |  1- 3 |  4- 6 |  7- 9 | 10-12 || total
-------------------------+-------+-------+-------+-------++-------
Melee: Rapier            |    89 |   104 |   227 |    53 ||   473
       War axe           |       |    45 |   143 |       ||   188
Evoke: Wand              |       |       |     3 |     3 ||     6
  Use: Scroll            |       |    14 |    10 |     2 ||    26
Armor: Scale mail        |    38 |    55 |    72 |       ||   165
       Plate armour      |       |       |   184 |    40 ||   224
Dodge: Dodged            |    17 |    55 |   102 |    10 ||   184
Block: Shield            |    38 |    92 |   228 |    10 ||   368
